 Dungeon Crawl Stone Soup version bcrawl-1.19.1 (webtiles) character file.

Game seed: 13555133036564883275

42 mahrnol the Caller (level 3, -2/19 HPs)
             Began as an Avariel Summoner on Dec 10, 2019.
             Slain by a hobgoblin
             ... wielding a +0 club
              (6 damage)
             ... on level 2 of the Dungeon.
             The game lasted 00:06:31 (2100 turns).

mahrnol the Caller (Avariel Summoner)               Turns: 2100, Time: 00:06:32

Health: -2/19      AC:  2    Str:  6    XL:     3   Next: 56%
Magic:  6/9        EV: 13    Int: 21    God:
Gold:   54         SH:  0    Dex: 13    Spells: 5/8 levels left

rFire    . . .     SeeInvis .   e - +0 dagger
rCold    . . .     Gourm    .   (no shield)
rNeg     . . .     Faith    .   a - +0 robe
rPois    .         Spirit   .   (no helmet)
rElec    .         Reflect  .   (no cloak)
rCorr    .         Harm     .   (no gloves)
MR       .....                  (no boots)
Stlth    ++........             (no amulet)
HPRegen  0.06/turn              (no ring)
MPRegen  0.11/turn              (no ring)

@: no status effects
A: no striking features
a: no special abilities


You were on level 2 of the Dungeon.
You were hungry.

You visited 1 branch of the dungeon, and saw 2 of its levels.

You collected 54 gold pieces.

Inventory:

Hand Weapons
 e - a +0 dagger (weapon)
Missiles
 f - 379 sling bullets
 l - 163 arrows
Armour
 a - a +0 robe (worn)
Scrolls
 c - a scroll of summoning
 h - a scroll of fog {unknown}
 j - a scroll of identify {unknown}
 k - a scroll of amnesia {unknown}
Potions
 b - 2 potions of degeneration {unknown}
 i - 2 potions of heal wounds {unknown}
Comestibles
 d - a ration {!d}


   Skills:
 + Level 0.3 Short Blades
 + Level 2.5 Dodging
 + Level 2.2 Stealth
 + Level 3.3 Spellcasting
 * Level 5.7 Summonings


You had 5 spell levels left.
You knew the following spells:

 Your Spells              Type           Power        Failure   Level  Hunger
a - Summon Small Mammal   Summ           ####         1%          1    None
b - Call Imp              Summ           ####..       1%          2    ##.....

Your spell library contained the following spells:

 Spells                   Type           Power        Failure   Level  Hunger
 Call Canine Familiar     Summ           ####....     3%          3    ###....
 Summon Ice Beast         Ice/Summ       ###.....     36%         4    ####...
 Summon Lightning Spire   Summ/Air       ###.....     73%         5    ######.


Dungeon Overview and Level Annotations

Branches:
Dungeon (2/12)

Altars:


Message History

Casting: Summon Small Mammal (safe; 1% risk of failure)
Confirm with . or Enter, or press ? or * to list all spells.
Your bat disappears in a puff of smoke!
You are too injured to fight recklessly!
You hit the hobgoblin.
The hobgoblin is moderately wounded.
The hobgoblin hits you but does no damage.
You hit the hobgoblin but do no damage.
The hobgoblin is moderately wounded.
The hobgoblin closely misses you.
You hit the hobgoblin but do no damage.
The hobgoblin is moderately wounded.
The hobgoblin hits you with a +0 club.
* * * LOW HITPOINT WARNING * * *
Your quokka misses the hobgoblin. You hit the hobgoblin but do no damage.
The hobgoblin is moderately wounded.
Your quokka barely misses the hobgoblin.
The hobgoblin hits you with a +0 club.
You die...

##############.#
.......))g@....#
#########.r[...#
#.##.### #.# =#
#.# # #.# ..#
.##


You could see a hobgoblin and a friendly quokka.

Vanquished Creatures
  A giant cockroach (D:1)
  6 goblins (D:1)
  4 jackals (D:1)
  A bat (D:1)
  A frilled lizard (D:1)
  A kobold (D:1)
  A rat (D:1)
15 creatures vanquished.

Vanquished Creatures (collateral kills)
  An orc wizard (D:2)
  2 oozes (D:1)
  2 orcs (D:2)
  3 jackals (D:1)
  A kobold (D:1)
  3 goblins (D:1)
  2 rats (D:1)
14 creatures vanquished.

Grand Total: 29 creatures vanquished

Notes
Turn   | Place    | Note
-------+----------+-------------------------------------------
     0 | D:1      | mahrnol the Avariel Summoner began the quest for the Orb.
     0 | D:1      | Reached XP level 1. HP: 10/10 MP: 6/6
    29 | D:1      | Reached skill level 5 in Summonings
   295 | D:1      | Reached XP level 2. HP: 10/15 MP: 7/7
   303 | D:1      | Learned a level 2 spell: Call Imp
  1680 | D:1      | Reached XP level 3. HP: 18/19 MP: 9/9
  2100 | D:2      | Slain by a hobgoblin

Skill      XL: |  1  2 |
---------------+-------+-----
Summonings     | 5 |  5.7
Spellcasting   | 3 |  3.3
Short Blades   | |  0.3
Dodging        | |  2.5
Stealth        | |  2.2

Action                   || total
-------------------------++-------
Melee: Dagger            ||    97
 Cast: Summon Small Mamm ||    21
       Call Imp          ||     3
  Eat: Chunk             ||     3
Armor: Robe              ||    17
Dodge: Dodged            ||    66
